 Dungeon Crawl Stone Soup version 0.30.1-11-g7821555f0a (webtiles) character file.

Game seed: 16271887061007080708

220 ChrisAssaf the Chucker (level 6, -5/51 HPs)
             Began as a Meteoran Brigand on Nov 26, 2023.
             Was an Initiate of Gozag.
             Splashed by a jelly's acid (8 damage)
             ... on level 5 of the Dungeon.
             The game lasted 00:05:52 (1179 turns).

ChrisAssaf the Chucker (Meteoran Brigand)           Turns: 1179, Time: 00:05:53

Health: -5/51      AC: -16   Str: 14    XL:     6   Next: 42%
Magic:  9/9        EV: 12    Int: 14    God:    Gozag
Gold:   347        SH:  0    Dex: 15    Spells: 8/8 levels left

rFire   . . .        a - +2 dagger
rCold   . . .        (no shield)
rNeg    . . .        b - +0 robe
rPois   .            (no helmet)
rElec   .            c - +0 cloak
rCorr   .            (no gloves)
SInv    .            (no boots)
Will    .....        (no amulet)
Stlth   +            (no ring)
HPRegen 0.28/turn    (no ring)
MPRegen 0.11/turn

%: no passive effects
@: corroded, glowing
A: sense surroundings 1, otherworldly, glowing, explore regen
a: Renounce Religion, Potion Petition, Call Merchant, Bribe Branch


You were on level 5 of the Dungeon.
You worshipped Gozag.
Gozag was aware of your devotion.
You visited 1 branch of the dungeon, and saw 5 of its levels.

You collected 347 gold pieces.

Inventory:

Hand Weapons
 a - a +2 dagger (weapon)
Missiles
 d - 5 poisoned darts
 e - 2 curare-tipped darts (quivered)
Armour
 b - a +0 robe (worn)
 c - a +0 cloak (worn)
Scrolls
 g - 2 scrolls of enchant armour {unknown}
Potions
 f - a potion of brilliance {unknown}
 h - 3 potions of berserk rage {unknown}
 i - 2 potions of ambrosia {unknown}
 k - a potion of cancellation {unknown}
 l - a potion of resistance {unknown}
 m - a potion of invisibility {unknown}
 n - a potion of magic {unknown}
 o - a potion of lignification {unknown}
 p - a potion of curing {unknown}


   Skills:
 * Level 3.3 Fighting
 * Level 3.0 Short Blades
 * Level 3.9 Throwing
 * Level 1.8 Armour
 * Level 2.4 Dodging
 * Level 3.6 Stealth
 * Level 1.5 Spellcasting


You had 8 spell levels left.
You didn't know any spells.
Your spell library contained the following spells:

 Spells                   Type           Power      Damage    Failure   Level
 Sandblast                Erth           2%         2d4       26%         1
 Passwall                 Tmut/Erth      0%         N/A       36%         2
 Hailstorm                Conj/Ice       1%         3d3       58%         3
 Stone Arrow              Conj/Erth      2%         3d7       58%         3
 Ice Form                 Ice/Tmut       1%         N/A       94%         4
 Simulacrum               Ice/Necr       Unusable   N/A       N/A         6

Dungeon Overview and Level Annotations

Branches:
Dungeon (5/15) Zot: 1846   Temple (0/1) D:5

Altars:
Gozag


Innate Abilities, Weirdness & Mutations

You passively map a small area around you.
You are easily found by Zot.
You glow in the dark.
You regain HP and MP as you explore.


Message History

There is an open door here.
You feel much better. The jelly barely misses you.
There is a shaft here.
The jelly attacks as you move away! The jelly completely misses you.
You completely miss the jelly.
The jelly is moderately wounded.
The jelly hits you.
You are splashed with acid!
You hit the jelly but do no damage.
Your hands burn!
The jelly is moderately wounded.
You completely miss the jelly.
The jelly is moderately wounded.
The jelly misses you.
You hit the jelly.
Your hands burn!
The jelly is moderately wounded.
The jelly hits you. The acid corrodes you!
You are splashed with acid.
You hit the jelly but do no damage.
Your hands burn!
The jelly is moderately wounded.
The jelly hits you.
You are splashed with acid!
* * * LOW HITPOINT WARNING * * *
You feel much better. The jelly hits you.
You are splashed with acid.
You hit the jelly but do no damage. The acid corrodes you!
Your hands burn!
You punch the jelly, but do no damage.
The jelly is moderately wounded.
The jelly closely misses you.
You hit the jelly. The acid corrodes you!
Your hands burn!
The jelly is heavily wounded.
The jelly closely misses you.
You hit the jelly but do no damage.
Your hands burn!
* * * LOW HITPOINT WARNING * * *
The jelly is heavily wounded.
The jelly hits you.
* * * LOW HITPOINT WARNING * * *
You are splashed with acid!
* * * LOW HITPOINT WARNING * * *
The jelly barely misses you. The jelly hits you.
* * * LOW HITPOINT WARNING * * *
The acid corrodes you!
You are splashed with acid!
You die...
Your body crumbles into a pile of gold.

, , ,,...# , * ...# *
#.# #.. #.# #.###
#######.###.#..
########.....#.....#..
#........###.#........
#....J^.<.##.#>.......
#....@.......#.##[###.
#.....................
#######'########.#.#####
*.................#...,
.######.##############
#....(..# **#.####### ..
* ##


You could see a jelly.

Vanquished Creatures
  A phantom (D:4)
  A howler monkey (D:5)
  A hound (D:4)
  Natasha (D:4)
  An adder (D:3)
  8 bats
  2 endoplasms
  3 giant cockroaches
  3 goblins
  5 hobgoblins
  4 jackals (D:2)
  A quokka (D:2)
  5 ball pythons
  2 frilled lizards
  4 kobolds
  2 rats (D:2)
44 creatures vanquished.

Notes
Turn   | Place    | Note
-------+----------+-------------------------------------------
     0 | D:1      | ChrisAssaf the Meteoran Brigand began the quest for the
                  | Orb.
     0 | D:1      | Reached XP level 1. HP: 17/17 MP: 2/2
     8 | D:1      | Noticed an electric eel
   128 | D:1      | Found a faded altar of an unknown god.
   134 | D:1      | Prayed at the altar of an unknown god.
   134 | D:1      | Became a worshipper of Gozag Ym Sagoz the Greedy
   271 | D:1      | Reached XP level 2. HP: 22/24 MP: 3/3
   480 | D:2      | Reached XP level 3. HP: 27/30 MP: 4/4
   790 | D:3      | Reached XP level 4. HP: 18/37 MP: 5/5
   829 | D:3      | Reached skill level 1 in Armour
   944 | D:4      | Noticed Natasha
   956 | D:4      | Reached XP level 5. HP: 17/44 MP: 5/7
   962 | D:4      | Killed Natasha
   963 | D:4      | Reached skill level 1 in Spellcasting
  1013 | D:4      | Noticed a phantom
  1071 | D:4      | Killed a phantom
  1072 | D:4      | Reached XP level 6. HP: 28/51 MP: 7/9
  1086 | D:5      | Entered Level 5 of the Dungeon
  1118 | D:5      | Found a staircase to the Ecumenical Temple.
  1179 | D:5      | Splashed by a jelly's acid

Illustrated notes

Levels and vault maps discovered:
D:1:      arrival_aquarium_a, layout_loops_cross,
          dreamdust_ecumenical_altar_angels_and_demons, minmay_surrounded
D:2:      layout_basic, grunt_ministairs_4
D:3:      layout_basic
D:4:      minmay_octagon_keep, layout_cave_pools, lemuel_blue_sif_altar,
          zin_scriptorium, uniq_natasha, uniq_grinder
D:5:      layout_basic, kennysheep_little_box, temple_doors_e, minmay_circle_x,
          uniq_menkaure

Skill      XL: |  1  2  3  4  5  6 |
---------------+-------------------+-----
Stealth        | 3 |  3.6
Armour         | 1 |  1.8
Throwing       | 3 |  3.9
Spellcasting   | 1 |  1.5
Fighting       | 3 |  3.3
Dodging        | 2 |  2.4
Short Blades   | 3 |  3.0

Action                     |  1- 3 |  4- 6 || total
---------------------------+-------+-------++-------
  Melee: Dagger            |    85 |    82 ||   167
         Punch             |     1 |     1 ||     2
  Throw: Dart              |    24 |    11 ||    35
    Use: Scroll            |     4 |     2 ||     6
         Potion            |       |     3 ||     3
 Armour: Robe              |    20 |    14 ||    34
  Dodge: Dodged            |    37 |    55 ||    92
